 Seeded DCSS version 0.30.1 (webtiles) character file.

Game seed: 7229806256980976716 (custom seed)

6 McKennaii the Conjurer (level 1, 14/14 HPs)
             Began as a Demigod Conjurer on July 12, 2023.
             Quit the game on level 1 of the Dungeon.
             The game lasted 00:00:27 (209 turns).

McKennaii the Conjurer (Demigod Conjurer)            Turns: 209, Time: 00:00:27

Health: 14/14      AC:  7    Str: 11    XL:     1   Next: 60%
Magic:  3/5        EV: 12    Int: 22    God:
Gold:   17         SH:  0    Dex: 12    Spells: 3/4 levels left

rFire   . . .        (no weapon)
rCold   . . .        (no shield)
rNeg    . . .        a - +0 robe
rPois   .            g - +5 hat of Fedhas's Pride {Str+3 Int+2}
rElec   .            (no cloak)
rCorr   .            (no gloves)
SInv    .            (no boots)
Will    .....        (no amulet)
Stlth   ++           (no ring)
HPRegen 0.22/turn    (no ring)
MPRegen 0.09/turn

%: no passive effects
@: no status effects
A: high MP 1, forlorn, divine attributes
a: no special abilities


You were on level 1 of the Dungeon.
You visited 1 branch of the dungeon, and saw 1 of its levels.

You collected 17 gold pieces.

Inventory:

Missiles
 c - a throwing net
Armour
 a - a +0 robe (worn)
 g - the +5 hat of Fedhas's Pride (worn) {Str+3 Int+2}
   (You acquired it on level 1 of the Dungeon)

   Str:       It affects your strength (+3).
   Int:       It affects your intelligence (+2).
Scrolls
 d - 2 scrolls of amnesia {unknown}
 e - a scroll of acquirement
 f - a scroll of teleportation {unknown}
Potions
 b - a potion of magic


   Skills:
 - Level 1.7 Dodging
 - Level 1.7 Stealth
 + Level 2.0 Spellcasting
 + Level 3.7 Conjurations


You had 3 spell levels left.
You knew the following spells:

 Your Spells              Type           Power      Damage    Failure   Level
a - Magic Dart            Conj           72%        1d6       3%          1

Your spell library contained the following spells:

 Spells                   Type           Power      Damage    Failure   Level
 Searing Ray              Conj           36%        2d5       4%          2
 Dazzling Flash           Conj/Hex       20%        N/A       19%         3
 Fulminant Prism          Conj/Hex       5%         3d7       54%         4
 Iskenderun's Mystic Bla  Conj/Tloc      10%        2d4       54%         4


Dungeon Overview and Level Annotations

Branches:
Dungeon (1/15)


Innate Abilities, Weirdness & Mutations

You have an increased reservoir of magic. (+10% MP)
You shall have no god before yourself.
Your divine heritage dramatically boosts your attributes as you level up.


Message History

The magic dart hits the quokka.
The quokka is almost dead.
A quokka is nearby!
The magic dart hits the quokka.
You kill the quokka!
Found 3 stones.
You can't see any susceptible monsters within range! (Use Z to cast anyway.)
You can't see any susceptible monsters within range! (Use Z to cast anyway.)
e - 3 scrolls labelled RAGIOR NADERHA You can't see any susceptible monsters within range! (Use Z to cast anyway.)
You see here 3 stones.
f - a scroll labelled WUBBUN RUOS A giant cockroach comes into view.
The magic dart hits the giant cockroach.
The giant cockroach is heavily wounded.
A giant cockroach is nearby!
The magic dart hits the giant cockroach.
You kill the giant cockroach!
You see here a giant cockroach corpse.
A goblin and a ball python come into view.
The magic dart hits the ball python.
You kill the ball python!
The goblin shouts!
Your Spellcasting skill increases to level 2!
The magic dart hits the goblin.
The goblin is heavily wounded.
You can't see any susceptible monsters within range! (Use Z to cast anyway.)
A goblin is nearby!
The magic dart hits the goblin.
You kill the goblin!
You see here a giant cockroach corpse.
This is a scroll of acquirement!
Something appears at your feet!
g - the +5 hat of Fedhas's Pride {Str+3 Int+2} You start putting on your armour.
You continue putting on the +5 hat of Fedhas's Pride {Str+3 Int+2}. x4
You finish putting on the +5 hat of Fedhas's Pride {Str+3 Int+2}.
You feel stronger.
You feel clever. Something appears at your feet!
Are you sure you want to abandon this character and quit the game? (Confirm with "yes".)

######### #....
##♣..>..♣ ###....
##....... #......
##♣.⌠_⌠.♣ .......
#####⌠### .....
######## #..)
####...############
..........†..@....#
###.###.#########.#
###### #.# #.#
#..... #$# #.#
#.#### #.#
#(#######.# #.#
#.........# #.#
########### #.#


There were no monsters in sight!

Vanquished Creatures
  A giant cockroach (D:1)
  A goblin (D:1)
  A hobgoblin (D:1)
  A quokka (D:1)
  A ball python (D:1)
5 creatures vanquished.

Notes
Turn   | Place    | Note
-------+----------+-------------------------------------------
     0 | D:1      | McKennaii the Demigod Conjurer began the quest for the Orb.
     0 | D:1      | Reached XP level 1. HP: 14/14 MP: 5/5
   199 | D:1      | Identified 3 scrolls of acquirement
   199 | D:1      | Acquired the +5 hat of Fedhas's Pride {Str+3 Int+2}
   208 | D:1      | Acquired 1108 gold pieces
   209 | D:1      | Quit the game

Illustrated notes

Levels and vault maps discovered:
D:1:      spicycebolla_arrival_ecumenical, layout_loops_ring

Skill      XL: |  1 |
---------------+----+-----
Spellcasting   | 2 |  2.0
Dodging        | |  1.7
Stealth        | |  1.7
Conjurations   | |  3.7

Action                     || total
---------------------------++-------
  Melee: Unarmed           ||     2
   Cast: Magic Dart        ||    13
    Use: Scroll            ||     2
  Dodge: Dodged            ||     3
